 Dungeon Crawl Stone Soup version 0.27-a0-1456-gf5a116941d (webtiles) character file.

Game seed: 10676932969911518375

912 Lavandula the Jinx (level 7, -3/46 HPs)
             Began as a Vampire Enchanter on July 6, 2021.
             Slain by an orc (18 damage)
             ... on level 5 of the Dungeon.
             The game lasted 00:07:54 (3431 turns).

Lavandula the Jinx (Vampire Enchanter)              Turns: 3431, Time: 00:07:54

Health: -3/46      AC:  2    Str:  7    XL:     7   Next: 82%
Magic:  3/11       EV: 12    Int: 19    God:
Gold:   136        SH:  0    Dex: 15    Spells: 2/11 levels left

rFire    . . .     SeeInvis +   f - +1 dagger (venom)
rCold    . . .     Faith    .   (no shield)
rNeg     . . .     Spirit   .   b - +0 robe
rPois    .         Reflect  .   (no helmet)
rElec    .         Harm     .   (no cloak)
rCorr    .         Rampage  .   (no gloves)
Will     .....                  (no boots)
Stlth    +++.......             (no amulet)
HPRegen  0.35/turn              (no ring)
MPRegen  0.12/turn              (no ring)

@: healing quickly
A: alive, fangs 3, see invisible, vampiric 2
a: Exsanguinate


You were on level 5 of the Dungeon.
You visited 1 branch of the dungeon, and saw 5 of its levels.

You collected 136 gold pieces.

Inventory:

Hand Weapons
 a - a +1 short sword of venom
 f - a +1 dagger of venom (weapon)
 j - a +6 scythe of flaming
Armour
 b - a +0 robe (worn)
Wands
 o - a wand of flame (11)
 p - a wand of mindburst (13)
 q - a wand of polymorph (4)
Scrolls
 c - a scroll of magic mapping {unknown}
 e - 4 scrolls of noise
 g - 4 scrolls of identify
 h - 2 scrolls of fear {unknown}
 m - a scroll of amnesia {unknown}
 n - a scroll of teleportation {unknown}
Potions
 d - a potion of magic
 i - a potion of haste {unknown}
 k - 2 potions of lignification {unknown}
 l - a potion of mutation {unknown}


   Skills:
 - Level 7.6 Short Blades
 - Level 2.1 Dodging
 - Level 4.4 Stealth
 + Level 2.7 Spellcasting
 - Level 8.7 Hexes


You had 2 spell levels left.
You knew the following spells:

 Your Spells              Type           Power      Damage    Failure   Level
a - Corona                Hex            38%        N/A       1%          1
b - Ensorcelled Hibernat  Hex/Ice        38%        N/A       4%          2
c - Tukima's Dance        Hex            35%        N/A       1%          3
d - Confusing Touch       Hex            35%        N/A       1%          3

Your spell library contained the following spells:

 Spells                   Type           Power      Damage    Failure   Level
 Dazzling Flash           Conj/Hex       38%        N/A       8%          3
 Ozocubu's Armour         Ice            2%         N/A       43%         3
 Ozocubu's Refrigeration  Ice            1%         4d5       100%        7


Dungeon Overview and Level Annotations

Branches:
Dungeon (5/15)
 Temple: D:4-7

Altars:
Ru
Sif Muna

Annotations:
D:4 exclusion: door


Innate Abilities, Weirdness & Mutations

Your natural rate of healing is accelerated.
You have razor-sharp teeth.
You have supernaturally acute eyesight. (SInv)
You are afflicted with vampirism and can become a bat while bloodless.


Message History

You hit Edmund but do no damage.
Edmund looks as sick as possible!
Edmund is moderately wounded.
The orc hits your +0 flail of pain with a +1 hand axe of electrocution.
Edmund hits you.
You hit Edmund but do no damage.
Edmund is moderately wounded.
Your +0 flail of pain completely misses Edmund.
You hit Edmund.
Edmund looks as sick as possible!
Edmund is heavily wounded.
The orc hits your +0 flail of pain but does no damage.
Edmund barely misses you.
You hit Edmund but do no damage.
Edmund looks as sick as possible!
Edmund is heavily wounded.
The orc hits your +0 flail of pain but does no damage.
Edmund says, "People will remember me!
They'll remember me and die!"
Edmund hits you.
Your +0 flail of pain hits Edmund!
The orc hits your +0 flail of pain with a +1 hand axe of electrocution.
Edmund clears his throat.
Edmund zaps a wand.
You easily resist.
Your +0 flail of pain hits Edmund.
The orc hits your +0 flail of pain with a +1 hand axe of electrocution!
Your +0 flail of pain falls from the air.
You hit Edmund.
Edmund looks as sick as possible!
You bite Edmund.
You kill Edmund!
Things that are here:
a +0 scale mail; a wand of polymorph (4); the human corpse of Edmund
q - a wand of polymorph (4)
You closely miss the orc. The orc barely misses you.
You hit the orc but do no damage. The orc barely misses you.
You barely miss the orc. You hit the orc.
The orc is poisoned.
The orc is lightly wounded.
The orc hits you with a +1 hand axe of electrocution!
You hit the orc but do no damage.
The orc looks as sick as possible!
The orc is lightly wounded.
You hit the orc but do no damage.
The orc looks as sick as possible!
The orc is lightly wounded.
The orc hits you with a +1 hand axe of electrocution.
You are electrocuted!!
You die...

#.##....# ....
#.##.##.# ....#
#.##.##.##.#.###.
#.......).......#
#######.#.......#
#.#.>.....#
#)#.......#
#o#.......#
#@#55.....#
######.#.5.....#
#.......###.####
#.###...# #
#.###.#.###.#
#............
#.##..#.###..
#.##..#.....
#...<.......


You could see an orc (extremely poisoned).

Vanquished Creatures
  Pikel (D:5)
  Sigmund (D:3)
  Edmund (D:5)
  An ogre (D:4)
  2 lemures (D:5)
  2 orc priests
  An orc wizard (D:4)
  4 adders
  An adder skeleton (D:4)
  2 worms
  10 orcs
  8 ball pythons
  5 bats
  2 endoplasms
  2 giant cockroaches
  5 hobgoblins
  6 jackals
  A quokka (D:1)
  3 frilled lizards (D:1)
  3 goblins (D:3)
  6 kobolds
  6 rats
73 creatures vanquished.

Vanquished Creatures (collateral kills)
  An orc wizard (D:4)
1 creature vanquished.

Vanquished Creatures (others)
  5 dancing weapons
5 creatures vanquished.

Grand Total: 79 creatures vanquished

Notes
Turn   | Place    | Note
-------+----------+-------------------------------------------
     0 | D:1      | Lavandula the Vampire Enchanter began the quest for the
                  | Orb.
     0 | D:1      | Reached XP level 1. HP: 13/13 MP: 3/3
   134 | D:1      | Found a faded altar of an unknown god.
   194 | D:1      | Reached XP level 2. HP: 19/19 MP: 5/5
   209 | D:1      | Learned a level 2 spell: Ensorcelled Hibernation
   857 | D:2      | Gained mutation: You are afflicted with vampirism and can
                  | become a bat while bloodless. [Vampire growth]
   857 | D:2      | Reached XP level 3. HP: 21/24 MP: 6/6
  1272 | D:3      | Learned a level 3 spell: Tukima's Dance
  1581 | D:3      | Noticed Sigmund
  1597 | D:3      | Killed Sigmund
  1598 | D:3      | Reached XP level 4. HP: 4/30 MP: 5/7
  1598 | D:3      | Reached XP level 5. HP: 5/35 MP: 5/8
  2158 | D:3      | Found a sacrificial altar of Ru.
  2411 | D:4      | Reached XP level 6. HP: 39/41 MP: 9/9
  2848 | D:4      | Learned a level 3 spell: Confusing Touch
  3137 | D:4      | Found a shimmering blue altar of Sif Muna.
  3153 | D:4      | Reached skill level 5 in Hexes
  3322 | D:5      | Entered Level 5 of the Dungeon
  3331 | D:5      | Noticed Pikel
  3333 | D:5      | Noticed Edmund
  3396 | D:5      | Killed Pikel
  3397 | D:5      | Reached skill level 8 in Hexes
  3397 | D:5      | Reached XP level 7. HP: 24/46 MP: 3/10
  3423 | D:5      | Killed Edmund
  3431 | D:5      | Slain by an orc

Illustrated notes

Levels and vault maps discovered:
D:1:      dpeg_arrival_round_a, layout_basic, ebering_ecumenical_altar_mist
D:2:      minmay_wonky_spiral, layout_loops_cross, serial_bayou_pond_e
D:3:      layout_loops_ring, lemuel_doored_altar, uniq_sigmund
D:4:      layout_loops_ring, led_sif_book
D:5:      layout_loops_cross, xom_teletrap_fun, cheibrodos_gnoll_hut,
          uniq_edmund, uniq_crazy_yiuf_cottage, uniq_pikel

Skill      XL: |  1  2  3  4  5  6 |
---------------+-------------------+-----
Short Blades   | 2 3 6 7 |  7.6
Hexes          | 8 |  8.7
Dodging        | |  2.1
Stealth        | |  4.4
Spellcasting   | |  2.7

Action                   |  1- 3 |  4- 6 |  7- 9 || total
-------------------------+-------+-------+-------++-------
Melee: Dagger            |   116 |   142 |    14 ||   272
       Bite              |       |    15 |     1 ||    16
 Cast: Corona            |     2 |       |       ||     2
       Ensorcelled Hiber |     5 |    13 |       ||    18
       Tukima's Dance    |       |     6 |     1 ||     7
       Confusing Touch   |       |     1 |       ||     1
  Use: Potion            |     1 |       |       ||     1
       Scroll            |       |     1 |       ||     1
 Stab: Sleeping          |    14 |     9 |       ||    23
       Distracted        |     1 |       |       ||     1
       Confused          |       |     1 |       ||     1
Armor: Robe              |    17 |     6 |     1 ||    24
Dodge: Dodged            |    73 |    54 |     3 ||   130

Table legend: (Time is in decaauts)
 A = Elapsed time spent in this place.
 B = Non-inter-level travel time spent in this place.
 C = Inter-level travel time spent in this place.
 D = Time resting spent in this place.
 E = Time spent auto-exploring this place.
 F = Levels seen in this place.
 G = Mean time per level.
                   A        B        C        D        E       F      G
               +--------+--------+--------+--------+--------+-----+--------+
         Total |   3364 |   3255 |    109 |    134 |   2307 |   5 |  672.8 |
       Dungeon |   3364 |   3255 |    109 |    134 |   2307 |   5 |  672.8 |
               +--------+--------+--------+--------+--------+-----+--------+

Top non-repeatable levels by time:
     D:4: 1054 daAuts
     D:3: 937 daAuts
     D:1: 668 daAuts
     D:2: 611 daAuts
     D:5: 92 daAuts
